 Dungeon Crawl Stone Soup version 0.18-a0-846-g91b95b1 (webtiles) character file.

103 tof the Ruffian (level 4, -3/41 HPs)
             Began as a Minotaur Monk on Dec 20, 2015.
             Slain by a gnoll
             ... wielding a cursed +0 halberd
              (13 damage)
             ... on level 2 of the Dungeon.
             The game lasted 00:05:36 (1683 turns).

tof the Ruffian (Minotaur Monk)                     Turns: 1683, Time: 00:05:36

Health: -3/41      AC:  8    Str: 15    XL:     4   Next: 51%
Magic:  3/3        EV:  7    Int:  7    God:
Gold:   85         SH:  0    Dex: 14    Spells: 0 memorised, 3 levels left

rFire  . . .     SeeInvis .     f - +0 falchion
rCold  . . .     Gourm    .     j - +0 chain mail
rNeg   . . .     Faith    .     (no shield)
rPois  .         Spirit   .     (helmet restricted)
rElec  .         Dismiss  .     (no cloak)
rCorr  .         Reflect  .     (no gloves)
SustAt .         Harm     .     (no boots)
MR     .....                    (no amulet)
Stlth  ..........               (no ring)
                                (no ring)

@: not resistant to hostile enchantments, extremely unstealthy
A: retaliatory headbutt, horns 2
a: no special abilities


You were on level 2 of the Dungeon.
You were hungry.

You visited 1 branch of the dungeon, and saw 2 of its levels.

You collected 85 gold pieces.

Inventory:

Hand Weapons
 e - a +0 whip
 f - a +0 falchion (weapon)
Missiles
 k - 42 stones (quivered)
Armour
 j - a +0 chain mail (worn)
Jewellery
 p - an uncursed ring of fire {unknown}
Scrolls
 c - 3 scrolls of identify {unknown}
 d - a scroll of teleportation {unknown}
 h - a scroll of fear {unknown}
 m - a scroll of magic mapping {unknown}
 q - 3 scrolls of fog {unknown}
Potions
 g - a potion of heal wounds {unknown}
 i - 3 potions of lignification {unknown}
 l - a potion of curing {unknown}
 r - a potion of haste {unknown}
Books
 o - a book of the Tempests

   Spells                             Type                      Level
   a - Static Discharge               Conjuration/Air              3
   b - Lightning Bolt                 Conjuration/Air              5
   c - Fireball                       Conjuration/Fire             5
   d - Tornado                        Air                          9
   e - Shatter                        Earth                        9
Comestibles
 b - a bread ration
 n - 4 fruits


   Skills:
 + Level 4.4 Fighting
 + Level 0.2 Long Blades
 + Level 0.8 Maces & Flails
 + Level 3.8 Dodging
 + Level 2.3 Stealth
 + Level 5.1 Unarmed Combat


You had 3 spell levels left.
You didn't know any spells.

Dungeon Overview and Level Annotations

Branches:
Dungeon (2/15)

Altars:


Innate Abilities, Weirdness & Mutations

You reflexively headbutt those who attack you in melee.
You have a pair of horns on your head.


Message History

You kill the gnoll!
The gnoll hits you from afar with a halberd!
The gnoll barely misses you.
You hit the gnoll.
The gnoll is moderately wounded.
The gnoll barely misses you. You furiously retaliate!
You headbutt the gnoll, but do no damage.
You barely miss the gnoll.
The gnoll is moderately wounded.
You are feeling hungry.
You hit the gnoll.
The gnoll is moderately wounded.
The gnoll hits you from afar with a halberd!
* * * LOW HITPOINT WARNING * * *
The gnoll closely misses you.
All of the chunks of flesh in your inventory have rotted away.
You closely miss the gnoll. Your headbutt misses the gnoll.
The gnoll is moderately wounded.
The gnoll hits you from afar with a halberd!
You die...

#......)...#..[.....
#..........#######..
#..........# #####..
#..######### .......
####..# ####..
+.....# # #..
#####.# #.#####..
#.###.#.........#..
#.@ggg............รท
#.###....##.###.#..
#.# #.#......... #.#
#..###.#.. #.#
#......... #.#
#..#<..#.. #.#
#..#.#.#.. ..
..........
..........


You could see 3 gnolls.

Vanquished Creatures
  Terence (D:2)
  Robin (D:2)
  A gnoll (D:2)
  2 adders (D:2)
  A worm (D:2)
  A giant gecko (D:2)
  A giant cockroach (D:2)
  9 hobgoblins
  5 bats
  A giant newt (D:1)
  9 goblins
  2 jackals (D:1)
  4 kobolds
  5 rats (D:1)
43 creatures vanquished.

Notes
Turn   | Place    | Note
--------------------------------------------------------------
     0 | D:1      | tof the Minotaur Monk began the quest for the Orb.
     0 | D:1      | Reached XP level 1. HP: 19/19 MP: 0/0
   158 | D:1      | Reached XP level 2. HP: 9/27 MP: 1/1
   808 | D:2      | Reached skill level 5 in Unarmed Combat
   808 | D:2      | Reached XP level 3. HP: 15/33 MP: 2/2
  1068 | D:2      | Noticed Terence
  1081 | D:2      | Killed Terence
  1122 | D:2      | Noticed Robin
  1127 | D:2      | Reached XP level 4. HP: 35/40 MP: 3/3
  1135 | D:2      | Killed Robin
  1683 | D:2      | Slain by a gnoll

Vault maps used:
D:1:      dpeg_chamrin_arrival_tetris, minmay_misc_feat_nine_boxes
D:2:      ecumenical_altar_2, uniq_robin, uniq_crazy_yiuf_cottage, uniq_terence

Action                   |  1- 3 |  4- 6 || total
-------------------------+-------+-------++-------
Melee: Whip              |    57 |       ||    57
       Unarmed           |     8 |       ||     8
       Falchion          |    12 |    27 ||    39
Throw: Stone             |       |    27 ||    27
 Stab: Sleeping          |     2 |       ||     2
  Eat: Chunk             |       |     2 ||     2
